 Dungeon Sprint DCSS version 0.31-a0-981-geadf994542 (webtiles) character file.

Game seed: 12921755158247963889

54 BigDaddyOpFi the Fighter (level 8, -19/63 HPs)
             Began as an Octopode Fighter on Nov 1, 2023.
             Killed from afar by a deep elf zephyrmancer (27 damage)
             ... with a bolt of lightning
             ... in the Dungeon (Sprint VI: "Thunderdome").
             The game lasted 00:03:05 (398 turns).

BigDaddyOpFi the Fighter (Octopode Fighter)          Turns: 398, Time: 00:03:06

Health: -19/63     AC:  1    Str: 25    XL:     8   Next: 18%
Magic:  8/8        EV: 18    Int: 10    God:
Gold:   100        SH:  7    Dex: 17    Spells: 7/7 levels left

rFire   x . .        a - +0 war axe
rCold   + . .        b - +0 buckler
rNeg    + . .        (helmet restricted)
rPois   .            d - amulet "Hetuaqed" {RegenMP Str+5}
rElec   .            c - ring of Equivalence {Wiz Fly Will++}
rCorr   .            n - ring "Gelet" {Will+ Dex+6 Stlth+}
SInv    .            o - ring "Qeadghosh" {Ice *Corrode rN+ Str+2}
Will    +++..        (no ring)
Stlth   ++++         (no ring)
HPRegen 0.30/turn    (no ring)
MPRegen 0.51/turn    (no ring)
                     (no ring)

%: no teleportation, corrode self (3%), wizardry (x1)
@: flying, hasted, very quick
A: almost no armour, amphibious, 8 rings, camouflage 1, gelatinous body 1,
(nimble swimmer 1), tentacles
a: no special abilities


You were in the Dungeon.
You visited 1 branch You collected 280 gold pieces.
You spent 180 gold pieces at shops.

Inventory:

Hand Weapons
 a - a +0 war axe (weapon)
Armour
 b - a +0 buckler (worn)
Jewellery
 c - the ring of Equivalence (left tentacle) {Wiz Fly Will++}
   (You bought it in a shop in the Dungeon)

   [ring of wizardry]

   Wiz:       It improves your spell success rate.
   Will++:    It greatly increases your willpower.
   Fly:       It grants you flight.
 d - the amulet "Hetuaqed" (around mantle) {RegenMP Str+5}
   (You bought it in a shop in the Dungeon)

   [amulet of magic regeneration]

   RegenMP:   It increases your rate of magic regeneration.
   Str+5:     It affects your strength (+5).
 n - the ring "Gelet" (right tentacle) {Will+ Dex+6 Stlth+}
   (You bought it in a shop in the Dungeon)

   [ring of dexterity]

   Dex+6:     It affects your dexterity (+6).
   Will+:     It increases your willpower.
   Stlth+:    It makes you more stealthy.
 o - the ring "Qeadghosh" (on tentacle) {Ice *Corrode rN+ Str+2}
   (You bought it in a shop in the Dungeon)

   [ring of ice]

   Ice:       It enhances your ice magic.
   Str+2:     It affects your strength (+2).
   rF-:       It makes you vulnerable to fire.
   rC+:       It protects you from cold.
   rN+:       It protects you from negative energy.
   *Corrode:  It may corrode you when you take damage.
Wands
 k - a wand of quicksilver (1) (quivered)
 l - a wand of iceblast (5)
Scrolls
 i - 3 scrolls of blinking
 m - 3 scrolls of fog
Potions
 f - 2 potions of haste
 g - 2 potions of magic


   Skills:
 + Level 9.0 Fighting
 + Level 8.7 Axes
 + Level 9.0 Dodging
 + Level 8.9 Shields
 * Level 4.4 Shapeshifting


You had 7 spell levels left.
You didn't know any spells.
Your spell library was empty.

Dungeon Overview and Level Annotations

Branches:
Dungeon (1/1)

Altars:
Cheibriados
Fedhas
Gozag
Kikubaaqudgha
Makhleb
Okawaru
Qazlal
Ru
Trog
Uskayaw
Vehumet
Wu Jian
Xom
Yredelemnul
The Shining One

Shops:
D *[=??*?*:[((


Innate Abilities, Weirdness & Mutations

You cannot wear most types of armour.
You are amphibious.
You can wear up to eight rings at the same time.
Your skin changes colour to match your surroundings (Stealth+).
Your rubbery body absorbs attacks. (AC +1, EV +1)
((You are camouflaged when in or above water. (Stealth+)))
You have tentacles for arms and can constrict up to eight enemies at once.


Message History

Okay, then.
Blink to where?
Press: ? - help, Dir - move target You lose your grip on the deep elf pyromancer.
As you read the scroll of blinking, it crumbles to dust.
The deep elf pyromancer mumbles some strange words.
Sorry, you're not good enough to have a special ability.
Aiming: Quicksilver Bolt
Press: ? - help, Q - select action, (/) - cycle Shift-Dir - straight line, f - deep elf pyromancer
Aim: a deep elf pyromancer, wielding a +0 long sword (heavily wounded, 60% to hit)
The bolt of dispelling energy misses the deep elf pyromancer.
The fire elemental disappears in a puff of smoke!
Aiming: Quicksilver Bolt
Press: ? - help, Q - select action, (/) - cycle Shift-Dir - straight line, f/p - deep elf pyromancer
Aim: a deep elf pyromancer, wielding a +0 long sword (heavily wounded, 60% to hit)
The bolt of dispelling energy hits the deep elf pyromancer!
The deep elf pyromancer is severely wounded.
Aiming: Quicksilver Bolt
Press: ? - help, Q - select action, (/) - cycle Shift-Dir - straight line, f/p - deep elf pyromancer
Aim: a deep elf pyromancer, wielding a +0 long sword (severely wounded, 60% to hit)
The bolt of dispelling energy hits the deep elf pyromancer!
You kill the deep elf pyromancer!
The fire elemental disappears in a puff of smoke! x3
Your Fighting skill increases to level 9!
Your Axes skill increases to level 8!
Your Dodging skill increases to level 9!
Your Shapeshifting skill gained 4 levels and is now at level 4!
You have reached level 8!
You start resting.
A deep elf zephyrmancer comes into view.
It is wielding a +0 rapier.
A deep elf zephyrmancer is nearby!
Aiming: Quicksilver Bolt
Press: ? - help, Q - select action, (/) - cycle Shift-Dir - straight line, f - deep elf zephyrmancer
Aim: a deep elf zephyrmancer, wielding a +0 rapier (wandering, hasn't noticed you, 60% to hit)
The bolt of dispelling energy hits the deep elf zephyrmancer!
The deep elf zephyrmancer is heavily wounded.
The deep elf zephyrmancer shouts!
The deep elf zephyrmancer points at you and mumbles some strange words.
The bolt of lightning hits you!!
You die...

##∩__○..)...###......__
###∩...e.[).8.# #.8......
##......)......###........
#⌠........).###...###.....
#÷..........# #.<.# .....
#⌠..........###...###...
##.............###......
###∩........8.# .8....
##∩___..@...###......
######.8.........8.#
#⌠...........⌠#
###.........###
#_........# #_........#
#_........# #∩.......∩#
##∩.....∩##


You could see a deep elf zephyrmancer.

Vanquished Creatures
  A deep elf pyromancer (D)
  3 water moccasins (D)
  A gnoll sergeant (D)
  2 scorpions (D)
  5 gnolls (D)
12 creatures vanquished.

Notes
Turn   | Place    | Note
-------+----------+-------------------------------------------
     0 | D        | BigDaddyOpFi the Octopode Fighter began the quest for the
                  | Orb.
     0 | D        | Reached XP level 1. HP: 16/16 MP: 1/1
     3 | D        | Found a hide-covered altar of Uskayaw.
     4 | D        | Found a radiant altar of Vehumet.
     4 | D        | Found an ancient bone altar of Kikubaaqudgha.
     5 | D        | Found an iron altar of Okawaru.
     5 | D        | Found a stormy altar of Qazlal.
     5 | D        | Round 1.
     6 | D        | Found Vikhluirr's Timeless Talismans.
     6 | D        | Found an opulent altar of Gozag.
     6 | D        | Found a glowing golden altar of the Shining One.
     6 | D        | Found Vegep's Identification Station.
     7 | D        | Found Daenib's Jewellery.
     7 | D        | Found Pifugg's Advanced Armour.
     8 | D        | Found a burning altar of Makhleb.
     8 | D        | Noticed a water moccasin
    23 | D        | Killed a water moccasin
    24 | D        | Reached skill level 5 in Fighting
    24 | D        | Reached skill level 5 in Dodging
    24 | D        | Reached skill level 5 in Shields
    24 | D        | Reached XP level 2. HP: 10/24 MP: 2/2
    24 | D        | Reached XP level 3. HP: 12/29 MP: 3/3
    24 | D        | Reached XP level 4. HP: 14/35 MP: 4/4
    24 | D        | Bought a fine pewter ring for 45 gold pieces
    24 | D        | Identified the ring of Equivalence {Wiz Fly Will++} (You
                  | bought it in a shop in the Dungeon)
    24 | D        | Bought a coiled silver amulet for 45 gold pieces
    24 | D        | Identified the amulet "Hetuaqed" {RegenMP Str+5} (You
                  | bought it in a shop in the Dungeon)
    24 | D        | Bought a clouded brass ring for 45 gold pieces
    24 | D        | Identified the ring "Gelet" {Will+ Dex+6 Stlth+} (You
                  | bought it in a shop in the Dungeon)
    24 | D        | Bought an ancient lead ring for 45 gold pieces
    24 | D        | Identified the ring "Qeadghosh" {Ice *Corrode rN+ Str+2}
                  | (You bought it in a shop in the Dungeon)
    25 | D        | Noticed a scorpion
    34 | D        | Killed a scorpion
    35 | D        | Reached skill level 5 in Axes
    35 | D        | Reached XP level 5. HP: 41/41 MP: 5/5
    99 | D        | Noticed a water moccasin
   100 | D        | Noticed a water moccasin
   110 | D        | Killed a water moccasin
   111 | D        | Reached XP level 6. HP: 23/49 MP: 6/6
   115 | D        | Found a blossoming altar of Fedhas.
   118 | D        | Found a bloodstained altar of Trog.
   119 | D        | Found a basalt altar of Yredelemnul.
   120 | D        | Found Josaesi's Premium Goods.
   122 | D        | Found Naqavony's Weapon Rack.
   123 | D        | Found Keenor's Miscellaneous Merchandise.
   123 | D        | Found Xuffiw's Basic Armour.
   126 | D        | Killed a water moccasin
   126 | D        | Arena points: 12 (+12) [x2]
   127 | D        | Reached XP level 7. HP: 29/54 MP: 7/7
   182 | D        | Round 2.
   296 | D        | Found Bytt's Magic Scroll Shop.
   298 | D        | Found Jukh's Magic Scroll Shop.
   298 | D        | Found Bagoull's Must-Have Magic.
   299 | D        | Found a shimmering altar of Xom.
   299 | D        | Found a sacrificial altar of Ru.
   299 | D        | Found Agegub's Staff Store.
   309 | D        | Found an ornate altar of the Wu Jian Council.
   312 | D        | Arena points: 54 (+42) [x3]
   313 | D        | Found a snail-covered altar of Cheibriados.
   366 | D        | Round 3.
   369 | D        | Noticed a deep elf pyromancer
   371 | D        | Noticed a fire elemental
   376 | D        | Noticed a fire elemental
   378 | D        | Noticed a fire elemental
   378 | D        | Noticed a fire elemental
   380 | D        | Killed a deep elf pyromancer
   381 | D        | Reached XP level 8. HP: 4/63 MP: 8/8
   396 | D        | Noticed a deep elf zephyrmancer
   398 | D        | Killed from afar by a deep elf zephyrmancer

Illustrated notes

Levels and vault maps discovered:
D:        arena_sprint

Skill      XL: |  1  2  3  4  5  6  7 |
---------------+----------------------+-----
Fighting       | 5 6 7 9 |  9.0
Axes           | 4 5 6 7 8 |  8.7
Dodging        | 5 6 7 9 |  9.0
Shields        | 5 6 7 8 |  8.9
Shapeshifting  | 4 |  4.4

Action                     |  1- 3 |  4- 6 |  7- 9 || total
---------------------------+-------+-------+-------++-------
  Melee: War axe           |     5 |    12 |    13 ||    30
         Constrict         |     1 |     3 |     6 ||    10
         Tentacles         |       |     4 |     2 ||     6
  Evoke: Wand              |       |       |     4 ||     4
    Use: Potion            |     4 |     5 |     1 ||    10
         Scroll            |       |       |     1 ||     1
 Armour: Skin              |     6 |     7 |    10 ||    23
  Dodge: Dodged            |     9 |     6 |     9 ||    24
  Block: Buckler           |       |     4 |     8 ||    12

Table legend: (Time is in decaauts)
 A = Elapsed time spent in this place.
 B = Non-inter-level travel time spent in this place.
 C = Inter-level travel time spent in this place.
 D = Time resting spent in this place.
 E = Time spent auto-exploring this place.
 F = Levels seen in this place.
 G = Mean time per level.
                   A        B        C        D        E       F      G
               +--------+--------+--------+--------+--------+-----+--------+
         Total |    388 |    388 |      0 |    251 |      5 |   1 |  388.0 |
       Dungeon |    388 |    388 |      0 |    251 |      5 |   1 |  388.0 |
               +--------+--------+--------+--------+--------+-----+--------+

Top non-repeatable levels by time:
       D: 388 daAuts
